 Dungeon Crawl Stone Soup version 0.15.1-3-g1b33baa (webtiles) character file.

100 Johnny the Chiller (level 4, -2/35 HPs)
             Began as a Demigod Ice Elementalist on Oct 4, 2014.
             Slain by an orc
             ... wielding a +0 trident
              (7 damage)
             ... on Level 3 of the Dungeon.
             The game lasted 00:05:14 (2063 turns).

Johnny the Chiller (Demigod Ice Elementalist)       Turns: 2063, Time: 00:05:15

HP  -2/35        AC  4     Str 11      XL: 4   Next: 23%
MP   6/11        EV 11     Int 21      God:
Gold 112         SH  0     Dex 17      Spells:  2 memorised,  3 levels left

rFire  . . .     SeeInvis .     d - +0 dagger
rCold  . . .     Clarity  .     z - +0 leather armour (curse)
rNeg   . . .     rCorr    .     (no shield)
rPois  .         rRot     .     (no helmet)
rElec  .         Spirit   .     (no cloak)
SustAb .         Warding  .     (no gloves)
rMut   .         Stasis   .     r - +0 pair of boots
Gourm  .                        (no amulet)
MR     .....                    q - ring of flight
                                n - ring of stealth

@: not resistant to hostile enchantments, fairly stealthy
A: no striking features
a: Evoke Flight


You were on level 3 of the Dungeon.
You were not hungry.

You visited 1 branch of the dungeon, and saw 3 of its levels.

You collected 112 gold pieces.

Inventory:

Hand weapons
 d - a +0 dagger (weapon)
 t - a +2 antimagic whip
Armour
 a - a +0 robe
 k - a +0 ring mail
 r - a +0 pair of boots (worn)
 z - a cursed +0 leather armour (worn)
Comestibles
 c - 2 bread rations
 f - 2 meat rations
 g - 2 beef jerkies
 h - a slice of pizza
Scrolls
 i - a scroll of blinking {unknown}
 j - a scroll of amnesia {unknown}
 l - a scroll of remove curse {unknown}
 o - a scroll of enchant armour {unknown}
 p - a scroll of fear {unknown}
 v - a scroll of enchant weapon {unknown}
 w - a scroll of teleportation {unknown}
 x - a scroll of identify {unknown}
 y - a scroll of recharging {unknown}
Jewellery
 n - a ring of stealth (left hand)
 q - a ring of flight (right hand)
Potions
 e - 2 potions of curing {unknown}
 m - a potion of agility {unknown}
 s - a potion of invisibility {unknown}
 u - a potion of haste {unknown}
Books
 b - a book of Frost

   Spells                             Type                      Level
   *Freeze                            Ice                          1
   Throw Frost                        Conjuration/Ice              2
   Ozocubu's Armour                   Charms/Ice                   3
   Throw Icicle                       Conjuration/Ice              4
   *Summon Ice Beast                  Ice/Summoning                4
   Condensation Shield                Ice                          4


   Skills:
 * Level 1.3 Fighting
 + Level 1.1 Armour
 + Level 2.0 Dodging
 + Level 2.1 Stealth
 * Level 2.6 Spellcasting
   Level 0.8 Conjurations
 * Level 0.0 Summonings
 * Level 3.1 Ice Magic


You had 3 spell levels left.
You knew the following spells:

 Your Spells              Type           Power        Failure   Level  Hunger
a - Freeze                Ice            ###.         4%          1    None
b - Summon Ice Beast      Ice/Summ       #.......     78%         4    ####...


Dungeon Overview and Level Annotations

Branches:
Dungeon (3/15)


Message History

Confirm with . or Enter, or press ? or * to list all spells.
Aiming: Freeze
Press: ? - help, Shift-Dir - straight line, f/p - adder
Aim: an adder (severely wounded, slow)
You freeze the adder.
You kill the adder!
The orc barely misses you.
The orc wizard hits you but does no damage.
Casting: Freeze
Confirm with . or Enter, or press ? or * to list all spells.
Aiming: Freeze
Press: ? - help, Shift-Dir - straight line, f - orc wizard
Aim: an orc wizard, wielding a dagger and wearing a robe (fast)
You freeze the orc wizard.
The orc wizard is heavily wounded.
The orc wizard casts a spell at you. The puff of flame hits you!
* * * LOW HITPOINT WARNING * * *
The orc hits you from afar with a trident!
You die...

. ####### ### ###
...###.....#####.###.#
...................##.#
.###....o#####..##.#
#.....So@........#
........#.######..####
......###.# #).# )..##.
#.######..###### # ..
#.......[......### #[
.....#####>###.....# #.
###.# #)# ###.#.# .#
#.# #.#.#### . #.#
#.#)....


You could see an orc wizard, an orc and a ball python.

Vanquished Creatures
  Jessica (D:2)
  4 adders
  A worm (D:2)
  2 giant geckos
  3 orcs (D:3)
  A giant cockroach (D:2)
  3 hobgoblins
  3 bats
  A giant newt (D:1)
  10 goblins
  5 kobolds
  3 rats
37 creatures vanquished.

Notes
Turn   | Place    | Note
--------------------------------------------------------------
     0 | D:1      | Johnny, the Demigod Ice Elementalist, began the quest for the Orb.
     0 | D:1      | Reached XP level 1. HP: 14/14 MP: 3/3
   460 | D:1      | Reached XP level 2. HP: 14/22 MP: 3/5
   967 | D:2      | Reached skill level 1 in Fighting
  1015 | D:2      | Reached skill level 3 in Ice Magic
  1015 | D:2      | Reached XP level 3. HP: 12/28 MP: 0/8
  1089 | D:2      | Noticed Jessica
  1105 | D:2      | Killed Jessica
  1157 | D:2      | Reached skill level 1 in Armour
  1422 | D:2      | Reached XP level 4. HP: 15/35 MP: 1/11
  1446 | D:2      | Learned a level 4 spell: Summon Ice Beast
  2063 | D:3      | Slain by an orc

Action                   |  1- 3 |  4- 6 || total
-------------------------+-------+-------++-------
Melee: Dagger            |    63 |       ||    63
       Unarmed           |     1 |       ||     1
       Whip              |     7 |       ||     7
 Cast: Freeze            |    48 |    17 ||    65
  Use: Potion            |     1 |       ||     1
 Stab: Sleeping          |     2 |       ||     2
  Eat: Chunk             |     2 |     2 ||     4
